Map: Automaton LE

Players

Moja - Winner!

  • Race: Terran Terran
  • League: Grandmaster
  • Spawn Location: 9:00

A.I. 1 (Very Easy)

  • Race: Terran Terran
  • Spawn Location: 3:00

VOD

Have the link to the VOD?

Description

Time

  • Played on: Jan. 3, 2019, 9:05 a.m.
  • Length: 9:18
Show
View Real Time Build Order
Export as new Build Order

Moja Terran - Winner!

Build Orders:  

Get SALT Encoding   

  12  0:00  SCV  
  13  0:12  SCV  
  14  0:18  Supply Depot  
  14  0:24  SCV  
  15  0:39  SCV  
  15  0:40  Barracks  
  16  0:51  SCV  
  17  1:04  SCV  
  18  1:16  SCV  
  19  1:26  Marine  
  19  1:28  Orbital Command  
  19  1:32  Command Center  
  20  1:41  Supply Depot  
  20  1:44  Marine  
  21  1:53  SCV  
  22  1:56  Barracks  
  22  2:02  Marine  
  22  2:05  SCV  
  24  2:09  Barracks  
  24  2:17  SCV  
  24  2:20  Marine  
  26  2:23  Barracks  
  26  2:29  SCV  
  27  2:37  Marine  
  27  2:41  SCV  
  27  2:43  Marine  
  27  2:44  Orbital Command  
  30  2:53  SCV  
  30  2:55  Marine  
  30  2:56  Marine  
  33  3:00  Marine  
  34  3:06  SCV  
  34  3:09  Barracks  
  34  3:10  Marine  
  34  3:11  SCV  
  37  3:13  Marine, Supply Depot  
  37  3:14  Marine  
  37  3:18  SCV, Marine  
  41  3:23  SCV  
  42  3:27  Marine  
  42  3:30  SCV  
  42  3:31  Marine  
  42  3:33  Supply Depot  
  45  3:35  SCV, Marine  
  45  3:36  Marine  
  48  3:42  SCV  
  48  3:45  Marine, Barracks  
  48  3:47  SCV  
  51  3:49  Marine  
  51  3:51  Barracks  
  51  3:53  Marine  
  51  3:54  SCV  
  51  3:55  Marine  
  55  3:56  Supply Depot  
  55  3:57  Marine  
  55  4:00  SCV  
  57  4:03  Marine  
  57  4:06  SCV, Supply Depot  
  57  4:07  Marine  
  60  4:11  Marine  
  60  4:12  SCV  
  62  4:17  Supply Depot  
  62  4:18  SCV, Marine x2  
  62  4:21  Marine  
  62  4:24  SCV, Supply Depot  
  67  4:26  Marine  
  67  4:30  SCV, Marine  
  70  4:33  Marine  
  70  4:36  SCV, Marine  
  70  4:37  Marine x2  
  75  4:40  Marine  
  75  4:42  SCV  
  75  4:44  Marine  
  75  4:45  Supply Depot  
  78  4:48  SCV, Barracks  
  78  4:49  Marine  
  78  4:51  Marine  
  81  4:53  Marine  
  81  4:54  SCV, Marine  
  81  4:58  Marine  
  81  4:59  Marine  
  86  5:00  SCV  
  86  5:03  Marine, Supply Depot  
  86  5:06  Marine  
  86  5:07  SCV  
  90  5:09  Marine  
  90  5:11  Marine  
  90  5:12  SCV  
  93  5:14  Marine, Supply Depot  
  93  5:16  Marine  
  93  5:18  Marine  
  93  5:19  SCV  
  93  5:21  Marine  
  98  5:24  SCV  
  98  5:25  Marine  
  98  5:26  Barracks  
  100  5:28  Marine, Supply Depot  
  100  5:31  SCV, Marine  
  100  5:32  Marine  
  104  5:35  Marine  
  104  5:36  Marine x2  
  104  5:37  Supply Depot  
  104  5:38  SCV  
  104  5:40  Marine  
  104  5:42  Supply Depot  
  109  5:43  SCV, Marine  
  109  5:46  Marine  
  109  5:49  Marine  
  113  5:50  SCV, Marine, Supply Depot  
  113  5:53  Marine  
  113  5:54  Marine  
  113  5:55  SCV  
  113  5:56  Marine  
  119  5:59  Marine  
  119  6:01  Marine  
  119  6:02  SCV  
  119  6:04  Barracks, Marine  
  122  6:07  SCV, Marine  
  122  6:08  Marine  
  122  6:10  Supply Depot  
  122  6:11  Marine  
  126  6:13  Marine x2  
  126  6:14  SCV, Marine  
  126  6:17  Marine  
  132  6:19  SCV  
  132  6:22  Marine x2, Supply Depot  
  132  6:24  Marine  
  136  6:26  SCV, Marine  
  136  6:29  Marine  
  136  6:31  SCV, Marine  
  141  6:34  Marine  
  141  6:35  Marine  
  141  6:36  Marine  
  141  6:38  SCV  
  144  6:42  Barracks, Marine x3  
  144  6:44  Barracks, Supply Depot, Marine  
  144  6:46  SCV, Marine  
  149  6:49  Marine  
  149  6:51  SCV, Marine  
  149  6:52  Marine  
  149  6:53  Marine  
  149  6:54  Marine, Supply Depot  
  155  6:58  SCV  
  155  7:00  Marine  
  155  7:01  Marine  
  159  7:03  SCV, Marine x2  
  159  7:04  Marine  
  159  7:07  Marine  
  159  7:08  Supply Depot  
  164  7:09  Marine  
  164  7:10  SCV, Marine  
  164  7:12  Marine x2  
  164  7:13  Supply Depot  
  164  7:15  SCV  
  170  7:17  Marine  
  170  7:18  Marine  
  170  7:21  Marine, Supply Depot  
  170  7:22  SCV  
  174  7:23  Marine x2  
  174  7:24  Marine  
  174  7:26  Marine  
  174  7:27  SCV  
  174  7:28  Marine  
  180  7:31  Marine  
  180  7:32  Marine  
  180  7:33  Marine, Supply Depot  
  180  7:34  Marine  
  180  7:36  SCV, Marine  
  186  7:37  Marine  
  186  7:39  SCV  
  186  7:40  Marine  
  186  7:42  Marine x2  
  191  7:48  Marine x2  
  191  7:49  Marine  
  191  7:50  Marine  
  195  7:52  Marine  
  195  7:53  Supply Depot  
  195  7:58  Marine x2  
  196  7:59  Marine x2  
  200  8:18  Barracks  
  200  8:20  Barracks  
  200  8:21  Barracks  
  200  8:22  Barracks  
  200  8:24  Barracks  
  198  8:52  Marine x2  
Show
View Real Time Build Order
Export as new Build Order

A.I. 1 (Very Easy) Terran 

Build Orders:  

Get SALT Encoding   

  12  0:00  SCV  
  13  0:13  SCV  
  14  0:19  Supply Depot  
  14  0:40  Refinery  
  14  0:45  Barracks  
  14  1:06  Supply Depot  
  14  1:14  Refinery  
  14  1:31  SCV  
  14  1:32  Marine  
  16  1:44  SCV  
  17  1:56  SCV  
  18  2:04  Marine  
  18  2:08  SCV  
  20  2:20  SCV  
  21  2:32  SCV  
  21  2:37  Marine  
  23  2:44  Orbital Command  
  23  5:45  SCV, Marine  
  23  5:47  Supply Depot  
  23  5:49  Factory  
  25  6:09  SCV  
  26  6:12  Supply Depot  
  26  6:19  Barracks Tech Lab  
  26  6:21  SCV  
  27  6:33  SCV  
  27  6:35  Starport  
  27  6:37  Marine  
  26  6:45  SCV  
  27  6:54  Command Center  
  27  7:10  Marine  
  27  7:13  Starport Tech Lab  
  28  7:33  Raven  
  30  7:43  Marauder  
  32  8:06  SCV  
  33  8:13  SCV  
  33  8:14  Refinery  
  33  8:15  Raven  
  33  8:16  Marine  
  33  8:18  Refinery  
  37  8:21  SCV  
  37  8:28  SCV  
  38  8:35  SCV  
  38  8:42  SCV  
  18  8:57  SCV  
  14  9:03  Supply Depot  
Tags
 
Matchup
TvT
Player
Moja
Race
Terran
Spawn Locations
Cross Positions
Add a new tag
Caveats
  • Supply blocks, unpowered buildings, or Contaminate may cause inaccurate times.
  • Supply counts are checked every 10 seconds.